TOP OF THE 1ST |
Potomac Nationals batting - Pitching for Lancaster JetHawks : RHP Scott Spillman
|
Pitching: RHP Scott Spillman
|
|
Batting: SHB Dan Castaneda
|
0-0: Called Strike 0-1: Ground out 6-3 (Groundball, P, EV 88.8 MPH)
|
Batting: RHB John McNeill
|
0-0: Ground out 4-3 (Groundball, 34, EV 81.9 MPH)
|
Batting: RHB Kevin Whitenack
|
0-0: Swinging Strike 0-1: SOLO HOME RUN (Flyball, 7LD, EV 93.1 MPH), Distance : 331 ft
|
Batting: SHB Alex Ethridge
|
0-0: Called Strike 0-1: SINGLE (Line Drive, 56, EV 103.1 MPH)
|
Batting: RHB Antonio Laurel
|
0-0: Ball 1-0: Foul Ball, location: 2F 1-1: Ball 2-1: Foul Ball, location: 2F 2-2: Foul Ball, location: 2F 2-2: Fly out, F8 (Flyball, 8RD, EV 85.6 MPH)
|
Top of the 1st over - 1 run, 2 hits, 0 errors, 1 left on base; Potomac 1 - Lancaster 0 |
BOTTOM OF THE 1ST |
Lancaster JetHawks batting - Pitching for Potomac Nationals : LHP Peni Keli'i
|
Pitching: LHP Peni Keli'i
|
|
Batting: LHB Lou Toth
|
0-0: Ball 1-0: Called Strike 1-1: Called Strike 1-2: Ground out 6-3 (Groundball, 6, EV 100.6 MPH)
|
Batting: RHB Nick Deegan
|
0-0: Called Strike 0-1: Ball 1-1: Hit by Pitch
|
Batting: LHB Josh Corkery
|
0-0: Swinging Strike 0-1: Ball 1-1: Foul Ball, location: 2F 1-2: Hit by Pitch Nick Deegan to second
|
Batting: RHB Steve Moore
|
0-0: Ball 1-0: Called Strike 1-1: Swinging Strike 1-2: Ball 2-2: Strikes out swinging
|
Batting: RHB Nate Britton
|
0-0: Called Strike 0-1: Fielders Choice at 2nd, 6-4 (Groundball, 6, EV 87.5 MPH)
|
Bottom of the 1st over - 0 runs, 0 hits, 0 errors, 2 left on base; Potomac 1 - Lancaster 0 |
TOP OF THE 2ND |
Potomac Nationals batting - Pitching for Lancaster JetHawks : RHP Scott Spillman
|
Batting: RHB Pat Drader
|
0-0: Ball 1-0: Foul Ball, location: 2F 1-1: Ball 2-1: Ground out 4-3 (Groundball, 4D, EV 86.9 MPH)
|
Batting: RHB Jim Towle
|
0-0: Ball 1-0: Ball 2-0: Foul Ball, location: 2F 2-1: Ball 3-1: Swinging Strike 3-2: Strikes out looking
|
Batting: RHB Naofumi Ishida
|
0-0: Ball 1-0: Called Strike 1-1: Reached via error on a dropped throw from 2B, E3 (Groundball, 4, EV 89.4 MPH)
|
Batting: RHB Er Le
|
0-0: Ball 1-0: Foul Ball, location: 2F 1-1: Called Strike 1-2: Strikes out looking
|
Top of the 2nd over - 0 runs, 0 hits, 1 error, 1 left on base; Potomac 1 - Lancaster 0 |
BOTTOM OF THE 2ND |
Lancaster JetHawks batting - Pitching for Potomac Nationals : LHP Peni Keli'i
|
Batting: RHB Alex Campos
|
0-0: Called Strike 0-1: Foul Ball, location: 2F 0-2: Ball 1-2: Ball 2-2: Foul Ball, location: 2F 2-2: Ball 3-2: Fly out, F9 (Line Drive, 9, EV 92.5 MPH)
|
Batting: LHB Jackson Trottier
|
0-0: Ball 1-0: Ball 2-0: SINGLE (Line Drive, 7S, EV 103.8 MPH)
|
Batting: RHB Jorge Gutierrez
|
0-0: Ball 1-0: Ball 2-0: Ball 3-0: Called Strike 3-1: Foul Ball, location: 2F 3-2: DOUBLE (Groundball, 3L, EV 104.4 MPH) Jackson Trottier to third
|
Batting: RHB Jason Monico
|
0-0: Called Strike 0-1: Ball Passed Ball! Jackson Trottier scores Jorge Gutierrez to third 1-1: Ball 2-1: Ball 3-1: Base on Balls
|
Batting: LHB Lou Toth
|
0-0: Foul Ball, location: 2F 0-1: Ball Jason Monico is caught stealing 2nd base 2-6 1-1: Ball 2-1: Ball 3-1: Called Strike 3-2: Strikes out swinging
|
Bottom of the 2nd over - 1 run, 2 hits, 0 errors, 1 left on base; Potomac 1 - Lancaster 1 |
TOP OF THE 3RD |
Potomac Nationals batting - Pitching for Lancaster JetHawks : RHP Scott Spillman
|
Batting: SHB Dan Castaneda
|
0-0: Fly out, F8 (Flyball, 78M, EV 91.9 MPH)
|
Batting: RHB John McNeill
|
0-0: Called Strike 0-1: SINGLE (Flyball, 7LS, EV 91.9 MPH)
|
Batting: RHB Kevin Whitenack
|
0-0: Ball 1-0: Ball 2-0: Swinging Strike 2-1: Foul Ball, location: 2F 2-2: Ball 3-2: Strikes out looking John McNeill steals 2nd, throwing error, E2 John McNeill to third
|
Batting: SHB Alex Ethridge
|
0-0: Ball 1-0: Called Strike 1-1: Fly out, F7 (Line Drive, 78M, EV 96.9 MPH)
|
Top of the 3rd over - 0 runs, 1 hit, 1 error, 1 left on base; Potomac 1 - Lancaster 1 |
BOTTOM OF THE 3RD |
Lancaster JetHawks batting - Pitching for Potomac Nationals : LHP Peni Keli'i
|
Batting: RHB Nick Deegan
|
0-0: Ball 1-0: SINGLE (Groundball, 56, EV 105.0 MPH)
|
Batting: LHB Josh Corkery
|
0-0: Called Strike 0-1: Ball 1-1: Called Strike 1-2: Ball 2-2: Ball 3-2: Base on Balls Nick Deegan to second
|
Batting: RHB Steve Moore
|
0-0: Foul Ball, location: 2F 0-1: Ball Wild Pitch! Nick Deegan to third Josh Corkery to second 1-1: Ball 2-1: Fly out, F7 (Flyball, 7S, EV 90.0 MPH)
|
Batting: RHB Nate Britton
|
0-0: Ball 1-0: Ball 2-0: Ball 3-0: Swinging Strike 3-1: Base on Balls
|
Batting: RHB Alex Campos
|
0-0: Swinging Strike 0-1: Swinging Strike 0-2: Ball 1-2: Foul Ball, location: 2F 1-2: Ball 2-2: Foul Ball, location: 2F 2-2: Foul Ball, location: 2F 2-2: Ball 3-2: Strikes out swinging
|
Batting: LHB Jackson Trottier
|
0-0: Ball 1-0: Ball 2-0: Foul Ball, location: 2F 2-1: Swinging Strike 2-2: Foul Ball, location: 2F 2-2: Foul Ball, location: 2F 2-2: Ball 3-2: Strikes out swinging
|
Bottom of the 3rd over - 0 runs, 1 hit, 0 errors, 3 left on base; Potomac 1 - Lancaster 1 |
TOP OF THE 4TH |
Potomac Nationals batting - Pitching for Lancaster JetHawks : RHP Scott Spillman
|
Batting: RHB Antonio Laurel
|
0-0: Ball 1-0: Ball 2-0: TRIPLE (Line Drive, 8RXD, EV 105.0 MPH)
|
Batting: RHB Pat Drader
|
0-0: Ball 1-0: Ball 2-0: Ball 3-0: Base on Balls
|
Batting: RHB Jim Towle
|
0-0: Called Strike 0-1: Called Strike 0-2: Strikes out swinging
|
Batting: RHB Naofumi Ishida
|
0-0: Ball Pat Drader steals 2nd base 1-0: Foul Ball, location: 2F 1-1: Swinging Strike 1-2: Foul Ball, location: 2F 1-2: Ball 2-2: Strikes out swinging
|
Batting: RHB Er Le
|
0-0: Foul Ball, location: 2F 0-1: Swinging Strike 0-2: Ball 1-2: Ball 2-2: Ball 3-2: Base on Balls
|
Batting: SHB Dan Castaneda
|
0-0: Called Strike 0-1: Ball 1-1: GRAND SLAM HOME RUN (Flyball, 89XD, EV 108.8 MPH), Distance : 446 ft
|
Batting: RHB John McNeill
|
0-0: Ground out 3-1 (Groundball, 34S, EV 90.0 MPH)
|
Top of the 4th over - 4 runs, 2 hits, 0 errors, 0 left on base; Potomac 5 - Lancaster 1 |
BOTTOM OF THE 4TH |
Lancaster JetHawks batting - Pitching for Potomac Nationals : LHP Peni Keli'i
|
Batting: RHB Jorge Gutierrez
|
0-0: Reached on error, E4 (Groundball, 4, EV 91.9 MPH)
|
Batting: RHB Jason Monico
|
0-0: Called Strike 0-1: Foul Ball, location: 2F 0-2: Foul Ball, location: 2F 0-2: Ball 1-2: Ball 2-2: Foul Ball, location: 2F 2-2: Foul Ball, location: 2F 2-2: Ball 3-2: Foul Ball, location: 2F 3-2: Ground out 6-3 (Groundball, 6, EV 88.1 MPH) Jorge Gutierrez to second
|
Pitching: RHP Todd Carbaugh
|
|
Batting: LHB Lou Toth
|
0-0: 2-RUN HOME RUN (Flyball, 7LD, EV 93.8 MPH), Distance : 332 ft
|
Batting: RHB Nick Deegan
|
0-0: Called Strike 0-1: Called Strike 0-2: Ball 1-2: Ball 2-2: Ball 3-2: Foul Ball, location: 2F 3-2: Base on Balls
|
Batting: LHB Josh Corkery
|
0-0: Ball 1-0: Foul Ball, location: 2F 1-1: Ball 2-1: Called Strike 2-2: Strikes out swinging
|
Batting: RHB Steve Moore
|
0-0: Called Strike 0-1: DOUBLE (Line Drive, 89XD, EV 102.5 MPH) Nick Deegan to third Runner from 3rd tries for Home, SAFE, no throw by RF
|
Batting: RHB Nate Britton
|
0-0: Foul Ball, location: 2F 0-1: Ball 1-1: DOUBLE (Line Drive, 9LD, EV 109.4 MPH) Steve Moore scores
|
Batting: RHB Alex Campos
|
0-0: Ball 1-0: Ball 2-0: Swinging Strike 2-1: Called Strike 2-2: Strikes out swinging
|
Bottom of the 4th over - 4 runs, 3 hits, 1 error, 1 left on base; Potomac 5 - Lancaster 5 |
TOP OF THE 5TH |
Potomac Nationals batting - Pitching for Lancaster JetHawks : RHP Scott Spillman
|
Batting: RHB Kevin Whitenack
|
0-0: Ball 1-0: Ball 2-0: Foul Ball, location: 2F 2-1: Fly out, F8 (Flyball, 8RD, EV 103.8 MPH)
|
Batting: SHB Alex Ethridge
|
0-0: Ball 1-0: Fly out, F9 (Flyball, 89M, EV 87.5 MPH)
|
Batting: RHB Antonio Laurel
|
0-0: Ball 1-0: Ball 2-0: Ball 3-0: Base on Balls
|
Batting: RHB Pat Drader
|
0-0: Called Strike 0-1: Swinging Strike 0-2: Ball 1-2: Foul Ball, location: 2F 1-2: Strikes out swinging
|
Top of the 5th over - 0 runs, 0 hits, 0 errors, 1 left on base; Potomac 5 - Lancaster 5 |
BOTTOM OF THE 5TH |
Lancaster JetHawks batting - Pitching for Potomac Nationals : RHP Todd Carbaugh
|
Batting: LHB Jackson Trottier
|
0-0: Ball 1-0: Called Strike 1-1: Foul Ball, location: 2F 1-2: Fly out, F8 (Flyball, 8LXD, EV 101.2 MPH)
|
Batting: RHB Jorge Gutierrez
|
0-0: Called Strike 0-1: Called Strike 0-2: Strikes out looking
|
Batting: RHB Jason Monico
|
0-0: Ball 1-0: Ball 2-0: Called Strike 2-1: Called Strike 2-2: Strikes out looking
|
Bottom of the 5th over - 0 runs, 0 hits, 0 errors, 0 left on base; Potomac 5 - Lancaster 5 |
TOP OF THE 6TH |
Potomac Nationals batting - Pitching for Lancaster JetHawks : RHP Scott Spillman
|
Pitching: LHP T.J. Westover
|
|
Batting: RHB Jim Towle
|
0-0: Ball 1-0: Foul Ball, location: 2F 1-1: Called Strike 1-2: Strikes out swinging
|
Batting: RHB Naofumi Ishida
|
0-0: Fly out, F8 (Flyball, 8RD, EV 99.4 MPH)
|
Batting: RHB Er Le
|
0-0: Ball 1-0: Called Strike 1-1: Fly out, F3 (Line Drive, 3L, EV 60.6 MPH)
|
Top of the 6th over - 0 runs, 0 hits, 0 errors, 0 left on base; Potomac 5 - Lancaster 5 |
BOTTOM OF THE 6TH |
Lancaster JetHawks batting - Pitching for Potomac Nationals : RHP Todd Carbaugh
|
Pitching: RHP Jason Beck
|
|
Batting: LHB Lou Toth
|
0-0: Swinging Strike 0-1: Foul Ball, location: 2F 0-2: Strikes out swinging
|
Batting: RHB Nick Deegan
|
0-0: Called Strike 0-1: Called Strike 0-2: Ball 1-2: Ball 2-2: Strikes out looking
|
Batting: LHB Josh Corkery
|
0-0: Ball 1-0: Ball 2-0: Called Strike 2-1: Ball 3-1: Base on Balls
|
Batting: RHB Steve Moore
|
0-0: Called Strike Josh Corkery steals 2nd base 0-1: Called Strike 0-2: Strikes out swinging
|
Bottom of the 6th over - 0 runs, 0 hits, 0 errors, 1 left on base; Potomac 5 - Lancaster 5 |
TOP OF THE 7TH |
Potomac Nationals batting - Pitching for Lancaster JetHawks : LHP T.J. Westover
|
Batting: SHB Dan Castaneda
|
0-0: Ball 1-0: Ball 2-0: Called Strike 2-1: Swinging Strike 2-2: Ball 3-2: Foul Ball, location: 2F 3-2: SINGLE (Groundball, 56D, EV 105.6 MPH) (infield hit)
|
Batting: RHB John McNeill
|
0-0: Ball 1-0: Ball Dan Castaneda is caught stealing 2nd base 2-4 2-0: Ground out 4-3 (Groundball, 4, EV 86.9 MPH)
|
Batting: RHB Kevin Whitenack
|
0-0: Ground out 6-3 (Groundball, 56, EV 86.2 MPH)
|
Top of the 7th over - 0 runs, 1 hit, 0 errors, 0 left on base; Potomac 5 - Lancaster 5 |
BOTTOM OF THE 7TH |
Lancaster JetHawks batting - Pitching for Potomac Nationals : RHP Jason Beck
|
Batting: RHB Nate Britton
|
0-0: Foul Ball, location: 2F 0-1: Called Strike 0-2: Ball 1-2: Strikes out swinging
|
Batting: RHB Alex Campos
|
0-0: Foul Ball, location: 2F 0-1: Called Strike 0-2: Ball 1-2: Ball 2-2: Ball 3-2: Ground out 4-3 (Groundball, 4, EV 85.6 MPH)
|
Batting: LHB Jackson Trottier
|
0-0: Foul Ball, location: 2F 0-1: Ground out U3 (Groundball, 34, EV 83.1 MPH)
|
Bottom of the 7th over - 0 runs, 0 hits, 0 errors, 0 left on base; Potomac 5 - Lancaster 5 |
TOP OF THE 8TH |
Potomac Nationals batting - Pitching for Lancaster JetHawks : LHP T.J. Westover
|
Batting: SHB Alex Ethridge
|
0-0: Foul Ball, location: 2F 0-1: Ground out 4-3 (Groundball, 4, EV 103.1 MPH)
|
Batting: RHB Antonio Laurel
|
0-0: Swinging Strike 0-1: Ball 1-1: Ball 2-1: Ball 3-1: Swinging Strike 3-2: Foul Ball, location: 2F 3-2: Strikes out swinging
|
Batting: RHB Pat Drader
|
0-0: Called Strike 0-1: Called Strike 0-2: Strikes out swinging
|
Top of the 8th over - 0 runs, 0 hits, 0 errors, 0 left on base; Potomac 5 - Lancaster 5 |
BOTTOM OF THE 8TH |
Lancaster JetHawks batting - Pitching for Potomac Nationals : RHP Jason Beck
|
Batting: RHB Jorge Gutierrez
|
0-0: Foul Ball, location: 2F 0-1: Ball 1-1: Ball 2-1: Ball 3-1: Foul Ball, location: 2F 3-2: Strikes out swinging
|
Batting: RHB Jason Monico
|
0-0: Ball 1-0: Ball 2-0: Called Strike 2-1: Ground out 6-3 (Groundball, 6, EV 109.4 MPH)
|
Batting: LHB Lou Toth
|
0-0: Ball 1-0: Called Strike 1-1: Swinging Strike 1-2: Strikes out looking
|
Bottom of the 8th over - 0 runs, 0 hits, 0 errors, 0 left on base; Potomac 5 - Lancaster 5 |
TOP OF THE 9TH |
Potomac Nationals batting - Pitching for Lancaster JetHawks : LHP T.J. Westover
|
Pitching: RHP Tim Watson
|
|
Pinch Hitting: LHB Nate Melendez
|
0-0: Ball 1-0: Foul Ball, location: 2F 1-1: Ball 2-1: Fly out, F1 (Line Drive, P, EV 65.0 MPH)
|
Batting: RHB Naofumi Ishida
|
0-0: Ball 1-0: Ball 2-0: Foul Ball, location: 2F 2-1: Ball 3-1: Foul Ball, location: 2F 3-2: Strikes out swinging
|
Batting: RHB Er Le
|
0-0: Ground out 4-3 (Groundball, 4M, EV 99.4 MPH)
|
Top of the 9th over - 0 runs, 0 hits, 0 errors, 0 left on base; Potomac 5 - Lancaster 5 |
BOTTOM OF THE 9TH |
Lancaster JetHawks batting - Pitching for Potomac Nationals : RHP Jason Beck
|
Pitching: RHP Steve Schneider
|
|
Now at SS: Tylor Cyr
|
|
Batting: RHB Nick Deegan
|
0-0: Ball 1-0: Ball 2-0: Ball 3-0: Base on Balls
|
Batting: LHB Josh Corkery
|
0-0: DOUBLE (Line Drive, 3D, EV 108.8 MPH) Nick Deegan to third Runner from 3rd tries for Home, SAFE, no throw by RF
|
Bottom of the 9th over - 1 run, 1 hit, 0 errors, 1 left on base; Potomac 5 - Lancaster 6 |
|